General information
- name: BNet
- type: Ladder 1vs1/FFA
- host: Battle.net
- saver: TheNumber1-B
map: EchoIsles
- players: 2
- length: 32:54
- speed: Fast
- version: 1.23 W3XP
- replay type: Public
» download(125 KB)
Players
team 1 (winner)
TheNumber1-B (
pink | 97 APM | 3176 actions | 32:54)
6 Blademaster
3 Wind Walk
2 Critical Strike
1 Bladestorm
» actions
| Assign group hotkey | 25 | |
| Basic commands | 21 | |
| Build / train | 88 | |
| ESC pressed | 7 | |
| Enter build submenu | 66 | |
| Enter hero's abilities submenu | 6 | |
| Give item / drop item | 10 | |
| Remove unit from queue | 1 | |
| Right click | 1489 | |
| Select / deselect | 305 | |
| Select group hotkey | 906 | |
| Use ability | 252 | |
3176 total
» units
| Peon | 29 | |
| Troll Batrider | 8 | |
| Spirit Walker | 5 | |
| Wind Rider | 2 | |
| Shaman | 2 | |
46 total
» upgrades
| Spiked Barricades | 3 | |
| Liquid Fire | 1 | |
| Reinforced Defenses | 1 | |
| Spirit Walker Training | 1 | |
| Envenomed Spears | 1 | |
| Shaman Training | 2 | |
| Ranged Weapons | 1 | |
| Armor | 1 | |
11 total
» buildings
| Altar of Storms | 1 | |
| Orc Burrow | 9 | |
| Voodoo Lounge | 2 | |
| War Mill | 3 | |
| Watch Tower | 46 | |
| Stronghold | 1 | |
| Great Hall | 1 | |
| Beastiary | 2 | |
| Fortress | 1 | |
| Spirit Lodge | 1 | |
67 total
» build order
00:06 Altar of Storms
00:18 Orc Burrow
00:49 Voodoo Lounge
01:05 War Mill
01:36 Orc Burrow
02:23 Watch Tower
02:39 Watch Tower
02:59 Watch Tower
02:59 Watch Tower
03:16 Watch Tower
04:27 Watch Tower
04:28 Watch Tower
04:29 Watch Tower
04:37 Watch Tower
05:12 Stronghold
05:59 Watch Tower
05:59 Watch Tower
05:59 Watch Tower
06:03 Watch Tower
06:04 Watch Tower
07:31 Watch Tower
07:32 Watch Tower
07:36 Watch Tower
07:38 Watch Tower
07:47 Great Hall
07:53 Beastiary
07:56 Beastiary
08:42 Watch Tower
09:14 Watch Tower
09:43 Watch Tower
09:46 Orc Burrow
09:50 Voodoo Lounge
10:33 Watch Tower
10:48 Watch Tower
11:00 Watch Tower
11:17 Fortress
11:41 Watch Tower
12:41 Watch Tower
13:40 Watch Tower
13:40 Watch Tower
14:31 Orc Burrow
14:32 Orc Burrow
16:02 Watch Tower
16:35 Orc Burrow
16:55 Watch Tower
16:56 Watch Tower
16:57 Watch Tower
17:04 Watch Tower
18:49 Watch Tower
18:55 Spirit Lodge
19:02 War Mill
20:40 Watch Tower
20:41 Watch Tower
20:42 Watch Tower
20:43 Watch Tower
20:44 Watch Tower
20:45 Watch Tower
20:46 Watch Tower
22:12 Watch Tower
22:13 Watch Tower
22:16 War Mill
23:27 Watch Tower
23:28 Watch Tower
23:38 Watch Tower
25:34 Orc Burrow
25:35 Orc Burrow
26:20 Orc Burrow
» items
| Healing Salve | 5 | |
| Lesser Clarity Potion | 6 | |
| Circlet of Nobility | 1 | |
| Boots of Speed | 1 | |
| Claws of Attack +6 | 1 | |
| Gloves of Haste | 1 | |
| Orb of Lightning | 1 | |
| Potion of Healing | 1 | |
| Potion of Mana | 1 | |
18 total
team 2 (loser)
layoo (
blue | 136 APM | 4477 actions | 32:53)
6 Death Knight
3 Death Coil
3 Unholy Aura
5 Lich
3 Frost Nova
2 Dark Ritual
» actions
| Assign group hotkey | 37 | |
| Basic commands | 143 | |
| Build / train | 106 | |
| ESC pressed | 8 | |
| Enter build submenu | 39 | |
| Enter hero's abilities submenu | 11 | |
| Give item / drop item | 4 | |
| Right click | 1960 | |
| Select / deselect | 497 | |
| Select group hotkey | 1467 | |
| Use ability | 205 | |
4477 total
» units
| Acolyte | 36 | |
| Ghoul | 17 | |
| Obsidian Statue | 2 | |
| Necromancer | 6 | |
| Meatwagon | 3 | |
64 total
» upgrades
| Cannibalize | 1 | |
| Necromancer Training | 2 | |
| Skeletal Longevity | 1 | |
| Exhume Corpses | 1 | |
| Ghoul Frenzy | 1 | |
| Skeletal Mastery | 1 | |
| Destroyer Form | 1 | |
8 total
» buildings
| Altar of Darkness | 1 | |
| Ziggurat | 13 | |
| Crypt | 2 | |
| Tomb of Relics | 1 | |
| Nerubian Tower | 3 | |
| Halls of the Dead | 4 | |
| Graveyard | 1 | |
| Slaughterhouse | 1 | |
| Temple of the Damned | 1 | |
| Black Citadel | 1 | |
| Necropolis | 4 | |
| Sacrificial Pit | 1 | |
| Spirit Tower | 3 | |
36 total
» build order
00:19 Altar of Darkness
00:21 Ziggurat
00:25 Crypt
00:54 Tomb of Relics
01:13 Ziggurat
02:05 Nerubian Tower
03:25 Halls of the Dead
03:25 Halls of the Dead
03:25 Halls of the Dead
03:26 Halls of the Dead
04:01 Graveyard
04:41 Ziggurat
05:50 Slaughterhouse
06:09 Temple of the Damned
07:02 Ziggurat
08:20 Black Citadel
08:53 Necropolis
10:16 Ziggurat
12:41 Sacrificial Pit
12:54 Ziggurat
12:57 Ziggurat
15:35 Spirit Tower
18:17 Necropolis
20:43 Ziggurat
20:44 Ziggurat
21:53 Ziggurat
21:54 Ziggurat
21:56 Ziggurat
22:13 Crypt
22:32 Nerubian Tower
22:33 Spirit Tower
24:21 Spirit Tower
24:22 Nerubian Tower
26:44 Necropolis
29:44 Necropolis
30:19 Ziggurat
» items
| Rod of Necromancy | 3 | |
| Dust of Appearance | 1 | |
| Scroll of Town Portal | 3 | |
| Potion of Lesser Invulnerability | 1 | |
| Scroll of Healing | 1 | |
9 total
Chat log
(01:16 / All) TheNumber1-B: sup layoo
(01:22 / All) layoo: sup number
(01:33 / All) layoo: fine
(01:34 / All) layoo: u??
(01:41 / All) TheNumber1-B: doin alright!!!
(01:46 / All) layoo: :p
(04:41 / All) TheNumber1-B: what hero u go
(32:47 / All) layoo: nice